 Dungeon Crawl Stone Soup version 0.30-a0-778-g2ef04afb54 (webtiles) character file.

Game seed: 2369588771373497638

769 DEFE the Cudgeller (level 7, 0/46 HPs)
             Began as a Demonspawn Wanderer on Feb 15, 2023.
             Was an Elder of Jiyva.
             Slain by an ogre
             ... wielding a +0 giant spiked club
              (18 damage)
             ... on level 5 of the Dungeon.
             The game lasted 00:04:18 (4232 turns).

DEFE the Cudgeller (Demonspawn Wanderer)            Turns: 4232, Time: 00:04:18

Health: 0/46       AC:  3    Str: 17    XL:     7   Next: 52%
Magic:  19/19      EV:  9    Int: 14    God:    Jiyva [****..]
Gold:   99         SH:  0    Dex:  9    Spells: 9/10 levels left

rFire   . . .      SeeInvis .    s - +8 trident of the Octopus King {venom, rElec rPois}
rCold   . . .      Faith    .    (no shield)
rNeg    . . .      Spirit   .    k - +0 scale mail
rPois   +          Reflect  .    (helmet restricted)
rElec   +          Harm     .    (no cloak)
rCorr   +          Rampage  .    (no gloves)
Will    .....                    (no boots) Stlth
                                 (no amulet)
HPRegen 1.55/turn                q - ring of magical power
MPRegen 0.72/turn                (no ring)

@: mighty
A: horns 1, powered by pain 2, magic regeneration, pseudopods 3, noise
suppression
a: Renounce Religion, Oozemancy, Slimify


You were on level 5 of the Dungeon.
You worshipped Jiyva.
Jiyva was greatly pleased with you.
You visited 1 branch of the dungeon, and saw 5 of its levels.

You collected 99 gold pieces.

Inventory:

Hand Weapons
 a - a +2 mace
 c - a +0 dagger
 o - a +0 whip of electrocution
 s - the +8 trident of the Octopus King (weapon) {venom, rElec rPois}
   (You found it on level 4 of the Dungeon)

   rElec:     It insulates you from electricity.
   rPois:     It protects you from poison.
Missiles
 b - 20 poisoned darts (quivered)
Armour
 e - a +0 robe
 k - a +0 scale mail (worn)
Jewellery
 q - a ring of magical power (left hand)
Wands
 r - a wand of mindburst (10)
Scrolls
 d - 3 scrolls of identify {unknown}
 f - 3 scrolls of fog {unknown}
 g - 2 scrolls of noise {unknown}
 h - a scroll of blinking {unknown}
 l - a scroll of amnesia {unknown}
 n - a scroll of poison {unknown}
Potions
 i - 2 potions of flight {unknown}
 j - 2 potions of mutation {unknown}
 m - a potion of magic {unknown}
 p - a potion of brilliance {unknown}
 t - a potion of might {unknown}


   Skills:
 - Level 6.1 Maces & Flails
 + Level 3.5 Polearms
 - Level 1.7 Throwing
 - Level 1.0 Dodging
 - Level 1.7 Stealth
 + Level 3.5 Unarmed Combat
 - Level 2.0 Spellcasting


You had 9 spell levels left.
You knew the following spells:

 Your Spells              Type           Power      Damage    Failure   Level
a - Apportation           Tloc           2%         N/A       65%         1

Your spell library contained the following spells:

 Spells                   Type           Power      Damage    Failure   Level
 Teleport Other           Tloc           1%         N/A       95%         3


Dungeon Overview and Level Annotations

Branches:
Dungeon (5/15)
 Temple: D:4-7

Altars:
Fedhas
Vehumet
Wu Jian
Jiyva


Innate Abilities, Weirdness & Mutations

You have a pair of small horns on your head.
You sometimes gain power by taking damage.
You regenerate magic rapidly.
Armour fits poorly on your massive pseudopods.
You passively dampen the noise of your surroundings.


Message History

A water moccasin is nearby!
You hear a distant slurping noise.
You hear a squelching noise.
You hear a distant slurping noise. x2
You puncture the water moccasin! You headbutt the water moccasin.
You bludgeon the water moccasin. The water moccasin bites you.
The water moccasin barely misses you.
You take 3 damage, and have 43/46 hp.
You closely miss the water moccasin. The water moccasin bites you.
You take 3 damage, and have 40/46 hp.
You puncture the water moccasin!
You kill the water moccasin!
You regained 2 hp, and now have 42/46 hp.
No target in view!
Unknown command.
No target in view!
An ogre comes into view. It is wielding a +0 giant spiked club.
The ogre shouts!
Health restored: 46 An ogre is nearby!
You hear a distant slurping noise.
You reach to attack!
You barely miss the ogre. You closely miss the ogre.
You headbutt the ogre, but do no damage.
The ogre hits you with a +0 giant spiked club!
You focus on the pain.
You feel very mighty all of a sudden.
You take 17 damage, and have 29/46 hp.
MASSIVE DAMAGE!!
You barely miss the ogre. Your punch misses the ogre. You bludgeon the ogre!
The ogre hits you with a +0 giant spiked club!
You take 13 damage, and have 16/46 hp.
MASSIVE DAMAGE!!
You are too injured to fight recklessly!
Unknown command.
You are too injured to fight recklessly!
You are too injured to fight recklessly!
Unknown command.
You puncture the ogre!
The ogre is poisoned.
Your headbutt misses the ogre.
The ogre hits you with a +0 giant spiked club!!
You die...

##.##
####....
#..#
###.......
#.##
#.>.......
#..#
..........
##.##
#######...
##.## #...
##.## #<..
##.##
#......#
##@#
#.#######
##O..#
...# .....
####..# .#
.


You could see an ogre (very poisoned).

Vanquished Creatures
  A water moccasin (D:5)
  An ice beast (D:4)
  2 ogres
  A scorpion (D:5)
  A wight (D:3)
  A gnoll bouda (D:3)
  A hound (D:5)
  An iguana (D:5)
  2 orc wizards (D:5)
  5 gnolls (D:4)
  3 adders
  2 worms
  2 dart slugs
  12 orcs
  5 ball pythons
  5 bats
  An endoplasm (D:1)
  6 goblins
  4 hobgoblins
  4 jackals (D:3)
  4 quokkas
  4 frilled lizards
  6 kobolds
  3 rats
77 creatures vanquished.

Vanquished Creatures (others)
  3 scorpions
  7 jellies
  An adder (D:3)
  A gnoll (D:4)
  An orc (D:5)
  2 ball pythons (D:3)
  3 endoplasms
  3 goblins
  A hobgoblin (D:4)
  5 jackals (D:5)
  A kobold (D:3)
  2 quokkas (D:5)
  A bat (D:3)
  A rat (D:3)
  5 fungi (D:3)
  8 plants (D:3)
45 creatures vanquished.

Grand Total: 122 creatures vanquished

Notes
Turn   | Place    | Note
-------+----------+-------------------------------------------
     0 | D:1      | DEFE the Demonspawn Wanderer began the quest for the Orb.
     0 | D:1      | DEFE set off with the following items: a +2 mace, 11
                  | poisoned darts, a +0 dagger, a potion of lignification, a
                  | +0 robe; and the following spell memorised: Apportation;
                  | and the following spells available to memorise: Teleport
                  | Other.
     0 | D:1      | Reached XP level 1. HP: 13/13 MP: 3/3
   342 | D:1      | Found a faded altar of an unknown god.
  1011 | D:1      | Reached skill level 3 in Maces & Flails
  1207 | D:1      | Prayed at the altar of an unknown god.
  1207 | D:1      | Became a worshipper of Jiyva Jafaj the Shapeless
  1207 | D:1      | Reached * piety under Jiyva
  1257 | D:2      | Gained mutation: You have a pair of small horns on your
                  | head. [demonic ancestry]
  1257 | D:2      | Reached XP level 2. HP: 11/19 MP: 5/5
  1550 | D:2      | Reached ** piety under Jiyva
  1818 | D:2      | Gained mutation: You regenerate magic rapidly. [demonic
                  | ancestry]
  1818 | D:2      | Reached XP level 3. HP: 24/24 MP: 6/6
  2046 | D:3      | Found an ornate altar of the Wu Jian Council.
  2086 | D:3      | Noticed a wight
  2095 | D:3      | Reached skill level 4 in Maces & Flails
  2215 | D:3      | Found a blossoming altar of Fedhas.
  2225 | D:3      | Reached *** piety under Jiyva
  2225 | D:3      | Noticed an ogre
  2239 | D:3      | Killed an ogre
  2240 | D:3      | Reached skill level 5 in Maces & Flails
  2240 | D:3      | Gained mutation: You sometimes gain a little power by
                  | taking damage. [demonic ancestry]
  2240 | D:3      | Reached XP level 4. HP: 30/30 MP: 4/7
  2240 | D:3      | Reached XP level 5. HP: 35/35 MP: 4/8
  2564 | D:3      | Gained mutation: Armour fits poorly on your pseudopods.
                  | [Jiyva's grace]
  2564 | D:3      | Gained mutation: Armour fits poorly on your large
                  | pseudopods. [Jiyva's grace]
  2564 | D:3      | Gained mutation: Armour fits poorly on your massive
                  | pseudopods. [Jiyva's grace]
  2564 | D:3      | Gained mutation: You passively dampen the noise of your
                  | surroundings. [Jiyva's grace]
  3125 | D:3      | Reached skill level 6 in Maces & Flails
  3368 | D:4      | Reached **** piety under Jiyva
  3369 | D:4      | Found the +8 trident of the Octopus King {venom, rElec
                  | rPois}
  3517 | D:4      | Reached XP level 6. HP: 32/41 MP: 9/9
  3784 | D:4      | Reached skill level 1 in Polearms
  3784 | D:4      | Reached skill level 1 in Unarmed Combat
  3903 | D:5      | Entered Level 5 of the Dungeon
  3903 | D:5      | Noticed an ice beast
  3921 | D:4      | Killed an ice beast
  3991 | D:5      | Found a radiant altar of Vehumet.
  4112 | D:5      | Gained mutation: You sometimes gain power by taking damage.
                  | [demonic ancestry]
  4112 | D:5      | Reached XP level 7. HP: 40/46 MP: 10/10
  4232 | D:5      | Slain by an ogre

Illustrated notes

Levels and vault maps discovered:
D:1:      nicolae_arrival_somewhat_less_tricky_arrival, layout_basic,
          hellmonk_ecumenical_altar_arch_garden, serial_park_tiny_1
D:2:      layout_basic, dk_noncrumbling_3
D:3:      minmay_recursive_quarters, layout_basic, fedhas_altar_3,
          nicolae_wu_jian_immortal_techniques
D:4:      layout_gridville, uniq_grinder
D:5:      layout_layer_cave, nicolae_vehumet_altar_sigil

Skill      XL: |  1  2  3  4  5  6  7 |
---------------+----------------------+-----
Maces & Flails | 3 5 6 |  6.1
Polearms       | 2 3 |  3.5
Unarmed Combat | 2 3 |  3.5
Throwing       | |  1.7
Dodging        | |  1.0
Stealth        | |  1.7
Spellcasting   | |  2.0

Action                     |  1- 3 |  4- 6 |  7- 9 || total
---------------------------+-------+-------+-------++-------
  Melee: Mace              |    85 |    35 |       ||   120
         Unarmed           |     6 |       |       ||     6
         Headbutt          |    11 |     7 |     3 ||    21
         Whip              |       |     8 |       ||     8
         Pseudopods        |       |     7 |     3 ||    10
         Trident           |       |    39 |    20 ||    59
 Invoke: Oozemancy         |     1 |       |       ||     1
    Use: Potion            |     1 |     1 |       ||     2
   Stab: Sleeping          |     3 |       |       ||     3
 Armour: Skin              |    12 |     6 |       ||    18
         Robe              |    25 |     5 |       ||    30
         Scale mail        |       |     2 |     3 ||     5
  Dodge: Dodged            |    70 |    46 |     1 ||   117

Table legend: (Time is in decaauts)
 A = Elapsed time spent in this place.
 B = Non-inter-level travel time spent in this place.
 C = Inter-level travel time spent in this place.
 D = Time resting spent in this place.
 E = Time spent auto-exploring this place.
 F = Levels seen in this place.
 G = Mean time per level.
                   A        B        C        D        E       F      G
               +--------+--------+--------+--------+--------+-----+--------+
         Total |   4265 |   3897 |    368 |    156 |   3076 |   5 |  853.0 |
       Dungeon |   4265 |   3897 |    368 |    156 |   3076 |   5 |  853.0 |
               +--------+--------+--------+--------+--------+-----+--------+

Top non-repeatable levels by time:
     D:1: 1232 daAuts
     D:3: 1048 daAuts
     D:4: 899 daAuts
     D:2: 798 daAuts
     D:5: 286 daAuts
